 Dungeon Crawl Stone Soup version 0.21.1-1-g345015fe64 (webtiles) character file.

12941 Beodren the Basher (level 11, -2/102 HPs)
             Began as a Minotaur Fighter on Apr 23, 2018.
             Was a Priest of the Shining One.
             Slain by a warg (5 damage)
             ... led by an orc warlord
             ... on level 9 of the Dungeon.
             The game lasted 01:01:31 (11518 turns).

Beodren the Basher (Minotaur Fighter)              Turns: 11518, Time: 01:01:31

Health: -2/102     AC: 19    Str: 24    XL:     11   Next: 69%
Magic:  22/22      EV:  6    Int:  5    God:    the Shining One [***...]
Gold:   587        SH: 11    Dex: 10    Spells: 10/10 levels left

rFire    + . .     SeeInvis .   E - +0 morningstar
rCold    x . .     Gourm    .   i - +0 shield
rNeg     + . .     Faith    .   t - +0 plate armour
rPois    .         Spirit   .   (helmet restricted)
rElec    .         Reflect  .   N - +1 cloak
rCorr    .         Harm     .   (no gloves)
MR       .....                  j - +1 pair of boots
Stlth    ..........             (no amulet)
HPRegen  0.27/turn              y - ring of fire
MPRegen  0.18/turn              G - ring of magical power

@: lethally poisoned (-2 -> -3), glowing
A: retaliatory headbutt, horns 2
a: Divine Shield, Renounce Religion


You were on level 9 of the Dungeon.
You worshipped the Shining One.
The Shining One was most pleased with you.
You were not hungry.

You visited 3 branches of the dungeon, and saw 11 of its levels.

You collected 587 gold pieces.

Inventory:

Hand Weapons
 a - a +1 flail
 E - a +0 morningstar (weapon)
 J - a +0 double sword
Armour
 b - a +0 scale mail
 c - a +0 shield
 i - a +0 shield (worn)
 j - a +1 pair of boots (worn)
 k - a +0 ring mail of cold resistance
 t - a +0 plate armour (worn)
 N - a +1 cloak (worn)
Jewellery
 y - a ring of fire (left hand)
 F - an uncursed ring of loudness
 G - a ring of magical power (right hand)
Wands
 A - a wand of disintegration (16)
 M - a wand of digging (11)
Scrolls
 g - 5 scrolls of amnesia
 h - a scroll of teleportation
 l - 2 scrolls of random uselessness
 m - 3 scrolls of magic mapping
 n - 5 scrolls of remove curse
 q - a scroll of identify
 r - a scroll of fear
 u - a scroll of immolation
 D - 5 scrolls of enchant armour
 I - a scroll of fog {unknown}
 K - a scroll of vulnerability {unknown}
Potions
 e - a potion of brilliance
 p - 2 potions of magic
 s - 2 potions of lignification
 v - a potion of mutation
 w - a potion of heal wounds
 B - 8 potions of degeneration
 C - 2 potions of curing
Books
 o - a book of Minor Magic

   Spells                             Type                      Level
   a - Magic Dart                     Conjuration                  1
   b - Blink                          Translocation                2
   c - Call Imp                       Summoning                    2
   d - Slow                           Hexes                        2
   e - Conjure Flame                  Conjuration/Fire             3
   f - Mephitic Cloud                 Conjuration/Poison/Air       3
 H - a book of Maledictions

   Spells                             Type                      Level
   a - Corona                         Hexes                        1
   b - Ensorcelled Hibernation        Hexes/Ice                    2
   c - Confuse                        Hexes                        3
   d - Tukima's Dance                 Hexes                        3
   e - Dazzling Spray                 Conjuration/Hexes            3
 L - a book of Debilitation

   Spells                             Type                      Level
   a - Corona                         Hexes                        1
   b - Slow                           Hexes                        2
   c - Inner Flame                    Hexes/Fire                   3
   d - Portal Projectile              Hexes/Translocation          3
   e - Cause Fear                     Hexes                        4
   f - Leda's Liquefaction            Hexes/Earth                  4
Comestibles
 f - 20 rations


   Skills:
 * Level 11.2 Fighting
 + Level 14.6 Maces & Flails
 + Level 9.2 Armour
 + Level 8.5 Shields
 * Level 4.8 Invocations


You had 10 spell levels left.
You didn't know any spells.

Dungeon Overview and Level Annotations

Branches:
Dungeon (9/15)             Temple (1/1) D:5             Orc (1/2) D:9
   Lair: D:8-11

Altars:
Ashenzari
Cheibriados
Dithmenos
Elyvilon
Gozag
Hepliaklqana
Makhleb
Nemelex Xobeh
Okawaru
Qazlal
Ru
Sif Muna
Trog
Uskayaw
Vehumet
Wu Jian
Xom
Yredelemnul
Zin
The Shining One


Innate Abilities, Weirdness & Mutations

You reflexively headbutt those who attack you in melee.
You have a pair of horns on your head.


Message History

You bludgeon the orc sorcerer!!
You kill the orc sorcerer!
The sun demon disappears in a puff of smoke!
The warg bites you.
* * * LOW HITPOINT WARNING * * *
You block the orc warrior's attack.
You hit the orc warrior.
The orc warrior is lightly wounded.
You feel sick. You block the orc warrior's attack. You block the orc's attack.
The warg bites you but does no damage.
You hit the orc warrior.
The orc warrior is lightly wounded.
You block the orc warrior's attack. You block the warg's attack.
The orc hits you but does no damage.
The orc warrior hits you with a scimitar!
* * * LOW HITPOINT WARNING * * *
Your plate armour prevents you from hitting the orc warrior.
The orc warrior is lightly wounded.
The warg bites you.
You die...

#.# #.###### #####
####.## #.# ......# #.#
####..# #.# #..# #.#
#########################
....(...............#.'.#
...............oo...#.#.#
##
.......[.......)@o..#.#.#
#.
..)..)[).........h....#.#
####.
...[##)...............###
#....
[[..............#....≈#
#.##.
................#...≈.#
#.##.
#######################
#.### #.#.# #.# #.# ##.##
########.###########.#
#.#
#....................###


You could see a warg, 2 orc warriors and an orc.

Vanquished Creatures
  An orc warlord (D:9)
  A hydra (D:9)
  2 two-headed ogres
  2 wizards (D:7)
  2 orc sorcerers
  Maurice (D:9)
  Joseph (D:8)
  The ghost of dark4128 the Covert, a novice SpAs of Okawaru (D:5)
  2 hippogriffs
  2 dream sheep (D:9)
  Sigmund (D:4)
  6 yaks (D:9)
  A hungry ghost (D:9)
  A warg (D:9)
  A water moccasin (D:8)
  Duvessa (D:6)
  7 orc warriors
  A swamp drake (D:9)
  2 ice beasts (D:8)
  4 sky beasts
  2 phantoms
  4 centaurs
  3 ogres
  The ghost of Dox the Magician, an amateur HuWz of Ashenzari (D:3)
  4 big kobolds
  4 bullfrogs
  Dowan (D:6)
  5 scorpions
  3 wights (D:7)
  A howler monkey (D:9)
  3 jellies
  A crimson imp (D:9)
  3 bullfrog zombies
  A centaur zombie (D:9)
  A quasit (D:8)
  11 orc wizards
  9 orc priests
  4 hounds
  A bullfrog skeleton (D:7)
  6 iguanas
  8 worker ants
  A killer bee zombie (D:8)
  A hound zombie (D:7)
  A hound skeleton (D:4)
  7 gnolls
  12 adders
  3 shadow imps
  2 oozes
  An adder zombie (D:8)
  4 adder skeletons
  7 worms
  3 dart slugs
  2 leopard geckos
  61 orcs
  8 giant cockroaches
  10 hobgoblins
  10 jackals
  13 kobolds
  3 quokkas
  2 ball pythons
  6 bats
  7 frilled lizards
  6 goblins
  A leopard gecko skeleton (D:4)
  A leopard gecko zombie (D:6)
  A quokka skeleton (D:8)
  6 rats
295 creatures vanquished.

Notes
Turn   | Place    | Note
-------+----------+-------------------------------------------
     0 | D:1      | Beodren the Minotaur Fighter began the quest for the Orb.
     0 | D:1      | Reached XP level 1. HP: 19/19 MP: 0/0
   153 | D:1      | Reached XP level 2. HP: 27/27 MP: 1/1
   608 | D:1      | Reached skill level 3 in Maces & Flails
   716 | D:1      | Reached XP level 3. HP: 25/33 MP: 2/2
  1020 | D:2      | Found a stormy altar of Qazlal.
  1551 | D:2      | Found a basalt altar of Yredelemnul.
  1551 | D:2      | Found a white marble altar of Elyvilon.
  1560 | D:2      | Found a faded altar of an unknown god.
  1565 | D:2      | Found a shattered altar of Ashenzari.
  1567 | D:2      | Found an ornate altar of the Wu Jian Council.
  1589 | D:2      | Became a worshipper of Elyvilon the Healer
  1760 | D:3      | Reached skill level 4 in Maces & Flails
  1760 | D:3      | Reached XP level 4. HP: 40/41 MP: 3/3
  1868 | D:3      | Found an opulent altar of Gozag.
  1868 | D:3      | Found a sacrificial altar of Ru.
  1898 | D:3      | Reached XP level 5. HP: 23/47 MP: 4/4
  1913 | D:3      | Found a deep blue altar of Sif Muna.
  1916 | D:3      | Reached skill level 5 in Maces & Flails
  2301 | D:3      | Noticed Dox's ghost (amateur HuWz)
  2315 | D:3      | Killed Dox's ghost
  2315 | D:3      | Reached XP level 6. HP: 41/55 MP: 5/5
  2344 | D:3      | Reached * piety under Elyvilon
  2360 | D:3      | Found an iron altar of Okawaru.
  2523 | D:3      | Reached skill level 5 in Fighting
  2963 | D:3      | Found a bloodstained altar of Trog.
  3167 | D:4      | Reached skill level 6 in Maces & Flails
  3398 | D:4      | Reached ** piety under Elyvilon
  3451 | D:4      | Reached XP level 7. HP: 55/61 MP: 6/6
  3500 | D:4      | Reached skill level 5 in Armour
  3530 | D:4      | Reached skill level 7 in Maces & Flails
  3555 | D:4      | Reached skill level 5 in Shields
  3740 | D:4      | Found a burning altar of Makhleb.
  3740 | D:4      | Noticed Sigmund
  3751 | D:4      | Killed Sigmund
  3921 | D:5      | Entered Level 5 of the Dungeon
  4028 | D:5      | Reached skill level 8 in Maces & Flails
  4096 | D:5      | Reached XP level 8. HP: 62/70 MP: 7/7
  4114 | D:5      | Noticed dark4128's ghost (novice SpAs)
  4152 | D:5      | Killed dark4128's ghost
  4152 | D:5      | Reached skill level 9 in Maces & Flails
  4433 | D:5      | Found a staircase to the Ecumenical Temple.
  4546 | D:5      | Reached *** piety under Elyvilon
  4833 | Temple   | Entered the Ecumenical Temple
  4897 | Temple   | Fell from the grace of Elyvilon
  4897 | Temple   | Became a worshipper of the Shining One
  4897 | Temple   | Reached * piety under the Shining One
  5096 | D:6      | Noticed Duvessa
  5097 | D:6      | Noticed Dowan
  5119 | D:6      | Killed Duvessa
  5126 | D:6      | Killed Dowan
  5427 | D:6      | Reached skill level 10 in Maces & Flails
  5739 | D:6      | Reached XP level 9. HP: 62/79 MP: 8/8
  6123 | D:7      | Reached ** piety under the Shining One
  6336 | D:7      | Noticed a wizard
  6339 | D:7      | Killed a wizard
  6339 | D:7      | Reached skill level 11 in Maces & Flails
  6340 | D:7      | Noticed an orc sorcerer
  6342 | D:7      | Noticed a sixfirhy
  6351 | D:7      | Killed an orc sorcerer
  6351 | D:7      | Reached skill level 12 in Maces & Flails
  6495 | D:7      | Reached XP level 10. HP: 90/90 MP: 9/9
  6689 | D:7      | Noticed a wizard
  6695 | D:7      | Killed a wizard
  6695 | D:7      | Reached skill level 1 in Invocations
  6777 | D:7      | Reached *** piety under the Shining One
  7324 | D:8      | Reached skill level 13 in Maces & Flails
  7361 | D:8      | Noticed a two-headed ogre
  7367 | D:8      | Killed a two-headed ogre
  7705 | D:8      | Noticed Joseph
  7712 | D:8      | Killed Joseph
  8131 | D:9      | Found a sparkling altar of Nemelex Xobeh.
  8271 | D:9      | Reached skill level 14 in Maces & Flails
  8307 | D:9      | Noticed a three-headed hydra
  8312 | D:9      | Killed a three-headed hydra
  8312 | D:9      | Reached skill level 10 in Fighting
  8312 | D:9      | Reached XP level 11. HP: 75/99 MP: 12/12
  8470 | D:9      | Reached **** piety under the Shining One
  8542 | D:9      | Noticed Maurice
  8568 | D:9      | Killed Maurice
  8703 | D:9      | Noticed a two-headed ogre
  8717 | D:9      | Killed a two-headed ogre
  8873 | D:9      | Found a staircase to the Orcish Mines.
  9607 | Orc:1    | Entered Level 1 of the Orcish Mines
  9607 | Orc:1    | Noticed an orc warlord
  9607 | Orc:1    | Noticed an orc sorcerer
  9618 | D:9      | HP: 4/101 [orc warlord/great sword of electrocution (19)]
  9618 | D:9      | HP: 1/101 [orc warrior/dire flail[an orc warlord] (3)]
 10217 | D:9      | HP: 3/101 [orc warlord/great sword of electrocution (9)]
 10906 | D:9      | HP: 5/101 [orc warlord/great sword of electrocution (15)]
 10918 | D:9      | HP: 2/101 [orc warlord/great sword of electrocution (6)]
 11396 | D:9      | Killed an orc warlord
 11508 | Orc:1    | Paralysed by an orc sorcerer for 4 turns
 11514 | D:9      | Noticed a sun demon
 11515 | D:9      | Killed an orc sorcerer
 11517 | D:9      | HP: 3/102 [orc warrior/scimitar[an orc warlord] (12)]
 11518 | D:9      | Slain by a warg

Skill      XL: |  1  2  3  4  5  6  7  8  9 10 11 |
---------------+----------------------------------+-----
Fighting       | 4 5 6 7 8 10 11 | 11.2
Maces & Flails | 3 4 5 6 8 10 12 14 | 14.6
Armour         | 4 5 6 7 8 9 |  9.2
Shields        | 4 5 6 7 8 |  8.5
Invocations    | 3 4 |  4.8

Action                   |  1- 3 |  4- 6 |  7- 9 | 10-12 || total
-------------------------+-------+-------+-------+-------++-------
Melee: Flail             |   110 |   160 |   232 |       ||   502
       Headbutt          |     9 |    29 |    49 |    71 ||   158
       Morningstar       |       |       |    69 |   356 ||   425
Invok: Divine Shield     |       |       |       |     3 ||     3
  Use: Scroll            |       |       |    12 |    10 ||    22
       Potion            |       |       |     4 |     2 ||     6
  Eat: Chunk             |     1 |     4 |     3 |    11 ||    19
       Ration            |     1 |       |     2 |     2 ||     5
Armor: Scale mail        |    25 |       |       |       ||    25
       Ring mail         |    22 |    27 |       |       ||    49
       Plate armour      |       |    60 |   121 |   115 ||   296
Dodge: Dodged            |    44 |    37 |    33 |    59 ||   173
Block: Shield            |    59 |    78 |   121 |   163 ||   421
